 Dungeon Crawl Stone Soup version 0.32-a0-705-g60f233581c (webtiles) character file.

Game seed: 7277986244075134320

6 BeKind the Trooper (level 1, -2/16 HPs)
             Began as an Octopode Fighter on Mar 14, 2024.
             Slain by a kobold
             ... wielding a +0 short sword
              (3 damage)
             ... on level 1 of the Dungeon.
             The game lasted 00:00:16 (156 turns).

BeKind the Trooper (Octopode Fighter)                Turns: 156, Time: 00:00:17

Health: -2/16      AC:  1    Str: 15    XL:     1   Next: 90%
Magic:  1/1        EV:  2    Int: 10    God:
Gold:   15         SH:  4    Dex: 11    Spells: 0/0 levels left

rFire   . .          .
                       - Unarmed
rCold   . . .        a - +0 buckler
rNeg    . . .        (helmet restricted)
rPois   .            (no amulet)
rElec   .            (no ring)
rCorr   .            (no ring)
SInv    .            (no ring)
Will    .....        (no ring)
Stlth   ++           (no ring)
HPRegen 0.22/turn    (no ring)
MPRegen 0.07/turn    (no ring)
                     (no ring)

%: no passive effects
@: constricted
A: almost no armour, amphibious, 8 rings, camouflage 1, gelatinous body 1,
(nimble swimmer 1), tentacles
a: no special abilities


You were on level 1 of the Dungeon.
You visited 1 branch of the dungeon, and saw 1 of its levels.

You collected 15 gold pieces.

Inventory:

Armour
 a - a +0 buckler (worn)
Scrolls
 c - a scroll of blinking {unknown}
 e - a scroll of summoning {unknown}
 f - a scroll of identify {unknown}
Potions
 b - a potion of might
 d - a potion of heal wounds {unknown}


   Skills:
 + Level 3.1 Fighting
 + Level 3.1 Dodging
 + Level 3.1 Shields
 + Level 2.1 Unarmed Combat


You couldn't memorise any spells.
You didn't know any spells.
Your spell library contained the following spells:

 Spells                   Type           Power      Damage    Failure   Level
 Apportation              Tloc           0%         N/A       45%         1
 Necrotise                Necr           0%         1d4       45%         1
 Sting                    Conj/Alch      0%         1d3       45%         1
 Summon Small Mammal      Summ           0%         N/A       45%         1


Dungeon Overview and Level Annotations

Branches:
Dungeon (1/15)

Altars:


Innate Abilities, Weirdness & Mutations

You cannot wear most types of armour.
You are amphibious.
You can wear up to eight rings at the same time.
Your skin changes colour to match your surroundings (Stealth+).
Your rubbery body absorbs attacks. (AC +1, EV +1)
((You are camouflaged when in or above water. (Stealth+)))
You have tentacles for arms and can constrict up to eight enemies at once.


Message History

You see here a +1 dagger of draining.
Found a whip.
There are no items here.
You are already empty-tentacled.
You see here a +1 dagger of draining.
Unknown command.
A quokka comes into view.
You see here a scroll labelled OSEIL TICVEUQI.
A quokka is nearby!
The quokka bites you.
You closely miss the quokka. Your grab misses the quokka.
Your tentacle-slap misses the quokka.
You block the quokka's attack. x2
You barely miss the quokka. Your grab misses the quokka. The quokka bites you.
A quokka is nearby!
You tentacle-slap the quokka but do no damage.
You grab the quokka. You constrict the quokka. You block the quokka's attack.
A quokka is nearby!
You tentacle-slap the quokka.
You kill the quokka!
f - a scroll labelled OSEIL TICVEUQI No target in view!
You see here a +0 whip.
A kobold and a ball python come into view.
The kobold shouts!
The ball python hisses angrily.
The ball python bites you. The ball python grabs you.
The ball python constricts you. You block the ball python's attack.
The ball python constricts you. The ball python bites you.
The ball python constricts you. The ball python bites you.
The ball python constricts you. You block the ball python's attack.
The ball python constricts you. You block the kobold's attack.
The ball python bites you.
* * * LOW HITPOINT WARNING * * *
The ball python constricts you.
* * * LOW HITPOINT WARNING * * *
You block the kobold's attack. The ball python completely misses you.
The ball python constricts you.
* * * LOW HITPOINT WARNING * * *
The kobold hits you with a +0 short sword.
You die...

#.. .. .. #. ##
# #.###. #.###
..###..#.#......
.......K@S...#
######.######
#.# #.# #)# #.#
## #.# #.
##.#######.. #.
#...........
#####.


You could see a ball python and a kobold.

Vanquished Creatures
  A goblin (D:1)
  A hobgoblin (D:1)
  A quokka (D:1)
  A frilled lizard (D:1)
  2 rats (D:1)
6 creatures vanquished.

Notes
Turn   | Place    | Note
-------+----------+-------------------------------------------
     0 | D:1      | BeKind the Octopode Fighter began the quest for the Orb.
     0 | D:1      | Reached XP level 1. HP: 16/16 MP: 1/1
   156 | D:1      | Slain by a kobold

Illustrated notes

Levels and vault maps discovered:
D:1:      lightli_arrival_maybe_door_vault, layout_loops_ring

Action                     || total
---------------------------++-------
  Melee: Unarmed           ||    15
         Constrict         ||     4
         Tentacles         ||     1
   Stab: Sleeping          ||     1
 Armour: Skin              ||    20
  Dodge: Dodged            ||     5
  Block: Buckler           ||     8

Table legend: (Time is in decaauts)
 A = Elapsed time spent in this place.
 B = Non-inter-level travel time spent in this place.
 C = Inter-level travel time spent in this place.
 D = Time resting spent in this place.
 E = Time spent auto-exploring this place.
 F = Levels seen in this place.
 G = Mean time per level.
                   A        B        C        D        E       F      G
               +--------+--------+--------+--------+--------+-----+--------+
         Total |    156 |    156 |      0 |      0 |    111 |   1 |  156.0 |
       Dungeon |    156 |    156 |      0 |      0 |    111 |   1 |  156.0 |
               +--------+--------+--------+--------+--------+-----+--------+

Top non-repeatable levels by time:
     D:1: 156 daAuts
